 Dungeon Crawl Stone Soup version 0.29.1-2-gbd0b4ee654 (webtiles) character file.

Game seed: 10600677719303385506

830 hawla the Chiller (level 8, -1/58 HPs)
             Began as a Meteoran Ice Elementalist on Nov 22, 2022.
             Slain by an ice beast (6 damage)
             ... on level 5 of the Dungeon.
             The game lasted 00:11:40 (2413 turns).

hawla the Chiller (Meteoran Ice Elementalist)       Turns: 2413, Time: 00:11:40

Health: -1/58      AC:  4    Str: 10    XL:     8   Next: 41%
Magic:  24/25      EV: 12    Int: 18    God:
Gold:   241        SH:  0    Dex: 15    Spells: 9/17 levels left

rFire   . . .      SeeInvis .   l - +2 quarterstaff (spect)
rCold   . . .      Faith    .   (shield currently unavailable)
rNeg    . . .      Spirit   .   j - +2 robe {Will+}
rPois   .          Reflect  .   (no helmet)
rElec   .          Harm     .   (no cloak)
rCorr   .          Rampage  .   (no gloves)
Will    ++...                   (no boots)
Stlth   +.........              (no amulet)
HPRegen 0.19/turn               h - ring of magical power
MPRegen 0.19/turn               (no ring)

@: hasted, glowing, very quick
A: sense surroundings 1, otherworldly, glowing, explore regen
a: no special abilities


You were on level 5 of the Dungeon.
You visited 1 branch of the dungeon, and saw 5 of its levels.

You collected 241 gold pieces.

Inventory:

Hand Weapons
 l - a +2 spectral quarterstaff (weapon)
Armour
 j - a +2 robe of willpower (worn)
Magical Staves
 k - a staff of death
Jewellery
 h - a ring of magical power (left hand)
Wands
 g - a wand of paralysis (4) (quivered)
Scrolls
 c - a scroll of noise
 d - 2 scrolls of teleportation
 n - 2 scrolls of vulnerability
Potions
 a - a potion of haste
 b - a potion of magic
 e - a potion of ambrosia
 i - a potion of mutation
 m - a potion of lignification {unknown}
 p - a potion of cancellation {unknown}
 q - a potion of brilliance {unknown}
 r - a potion of degeneration {unknown}


   Skills:
 + Level 0.8 Fighting
 + Level 1.3 Staves
 + Level 2.6 Dodging
 - Level 1.4 Stealth
 + Level 5.1 Spellcasting
 + Level 5.9 Conjurations
 + Level 2.0 Necromancy
 + Level 6.7 Ice Magic
 + Level 2.2 Evocations


You had 9 spell levels left.
You knew the following spells:

 Your Spells              Type           Power      Damage    Failure   Level
a - Freeze                Ice            100%       1d11      1%          1
b - Frozen Ramparts       Ice            56%        1d9       2%          3
c - Hailstorm             Conj/Ice       27%        3d7       10%         4

Your spell library contained the following spells:

 Spells                   Type           Power      Damage    Failure   Level
 Magic Dart               Conj           100%       1d8       1%          1
 Searing Ray              Conj           50%        2d6       1%          2
 Ozocubu's Armour         Ice            28%        N/A       2%          3
 Fulminant Prism          Conj/Hex       7%         3d7       36%         4


Dungeon Overview and Level Annotations

Branches:
Dungeon (5/15) Zot: 597
 Temple: D:4-7

Altars:

Shops:
D:1 :   D:2 *


Innate Abilities, Weirdness & Mutations

You passively map a small area around you.
You are easily found by Zot.
You glow in the dark.
You regain HP and MP as you explore.


Message History

You open the door.
Found a stone staircase leading up.
You now have 241 gold pieces (gained 14).
A gnoll comes into view. It is wielding a +0 halberd.
A gnoll is nearby!
A gnoll comes into view. It is wielding a +0 flail.
The gnoll shouts! x2
A gnoll comes into view. It is wielding a +0 flail.
The gnoll shouts!
An ice beast comes into view.
You barely miss the ice beast.
Your +2 spectral quarterstaff barely misses the ice beast.
The ice beast hits you. The ice beast freezes you.
Casting: Frozen Ramparts (dangerous; 2% risk of failure)
Confirm with . or Enter, or press ? or * to list all spells.
Casting: Frozen Ramparts (dangerous; 2% risk of failure)
Press: ? - help, Dir - look around, f - activate The walls around you are covered in ice.
The ice beast completely resists.
The wall freezes the ice beast but does no damage.
The ice beast hits you. The ice beast freezes you!
The gnoll hits you from afar with a +0 halberd.
Aiming: Paralyse
Press: ? - help, Shift-Dir - straight line, f - ice beast
Aim: an ice beast (chance to affect: 54%)
The ice beast resists with significant effort.
The wall freezes the ice beast but does no damage.
The ice beast hits you. The ice beast freezes you!
Unknown command.
Your frozen ramparts will break if you move.
Continue?
The ice beast attacks as you move away!
The ice beast hits you but does no damage.
The frozen ramparts melt away as you move.
The ice beast attacks as you move away! The ice beast hits you.
The ice beast freezes you!
* * * LOW HITPOINT WARNING * * *
You feel yourself speed up. The ice beast hits you.
* * * LOW HITPOINT WARNING * * *
The ice beast freezes you.
You die...

...# , ......... *
...# ....##.#..#.#
** ...#
..........!# ...#
*.#.#......#####
...#
.<.....#g....#
#### ,, .....
#....## # * , ...
#g#### # #'# #Y#
## #.####@# .##
#......#
..#########.####.#
#..............#.#
###..............#
.............###.#
###..............#
####.........###.#
#...........#*#.#


You could see an ice beast and 2 gnolls.

Vanquished Creatures
  Duvessa (D:4)
  An ogre (D:4)
  3 scorpions
  Dowan (D:4)
  A howler monkey (D:4)
  An orc priest (D:4)
  Jessica (D:3)
  4 orc wizards
  10 adders
  6 gnolls (D:4)
  3 worms
  A dart slug (D:2)
  9 orcs
  2 ball pythons (D:3)
  2 bats
  5 endoplasms
  2 giant cockroaches
  6 goblins
  6 hobgoblins
  8 jackals (D:1)
  A quokka (D:3)
  3 frilled lizards (D:2)
  8 kobolds
  9 rats
94 creatures vanquished.

Notes
Turn   | Place    | Note
-------+----------+-------------------------------------------
     0 | D:1      | hawla the Meteoran Ice Elementalist began the quest for the
                  | Orb.
     0 | D:1      | Reached XP level 1. HP: 14/14 MP: 5/5
    51 | D:1      | Found Javy's Book Boutique.
   204 | D:1      | Reached XP level 2. HP: 20/20 MP: 3/6
   473 | D:1      | Reached XP level 3. HP: 23/26 MP: 5/8
   476 | D:1      | Reached skill level 5 in Ice Magic
   480 | D:1      | Learned a level 3 spell: Frozen Ramparts
   500 | D:1      | Glimpsed the power of Zot.
   654 | D:2      | Reached XP level 4. HP: 34/34 MP: 10/10
  1100 | D:2      | Glimpsed the power of Zot.
  1125 | D:2      | Found Dakuevva's General Store.
  1162 | D:3      | Learned a level 4 spell: Hailstorm
  1183 | D:3      | Reached XP level 5. HP: 29/39 MP: 11/11
  1207 | D:3      | Noticed Jessica
  1212 | D:3      | Killed Jessica
  1213 | D:3      | Reached skill level 1 in Conjurations
  1213 | D:3      | Reached skill level 6 in Ice Magic
  1581 | D:4      | Reached XP level 6. HP: 46/46 MP: 12/12
  1609 | D:4      | Noticed Duvessa
  1611 | D:4      | Noticed Dowan
  1653 | D:4      | Reached skill level 5 in Conjurations
  1653 | D:4      | Reached XP level 7. HP: 33/51 MP: 11/13
  2082 | D:4      | Reached skill level 1 in Necromancy
  2172 | D:4      | Killed Duvessa
  2173 | D:4      | Reached XP level 8. HP: 58/58 MP: 15/15
  2175 | D:4      | Killed Dowan
  2313 | D:4      | Glimpsed the power of Zot.
  2340 | D:5      | Entered Level 5 of the Dungeon
  2377 | D:5      | Reached skill level 1 in Staves
  2377 | D:5      | Reached skill level 5 in Spellcasting
  2413 | D:5      | Slain by an ice beast

Illustrated notes

Levels and vault maps discovered:
D:1:      eino_arrival_cavern_a, layout_basic, serial_shops, shop
D:2:      layout_basic, serial_shops, nicolae_diamond_shop
D:3:      layout_rooms, uniq_jessica
D:4:      layout_cave_pods, minmay_misc_feat_plants, kennysheep_generic_room_13,
          uniq_duvessa
D:5:      layout_basic, serial_shops, nicolae_take_the_stairs, shop_coins

Skill      XL: |  1  2  3  4  5  6  7  8 |
---------------+-------------------------+-----
Spellcasting   | 3 4 5 |  5.1
Ice Magic      | 5 6 |  6.7
Conjurations   | 3 5 |  5.9
Evocations     | 2 |  2.2
Necromancy     | 2 |  2.0
Staves         | 1 |  1.3
Fighting       | |  0.8
Dodging        | |  2.6
Stealth        | |  1.4

Action                   |  1- 3 |  4- 6 |  7- 9 || total
-------------------------+-------+-------+-------++-------
Melee: Unarmed           |    14 |    10 |       ||    24
       Quarterstaff      |       |    10 |    21 ||    31
 Cast: Freeze            |    30 |    31 |     1 ||    62
       Frozen Ramparts   |     3 |    15 |     9 ||    27
       Hailstorm         |       |     4 |     7 ||    11
Evoke: Wand              |       |       |     5 ||     5
  Use: Scroll            |       |     1 |     6 ||     7
       Potion            |       |     1 |     1 ||     2
 Stab: Paralysed         |       |       |     4 ||     4
Armor: Robe              |     6 |     6 |     7 ||    19
Dodge: Dodged            |    18 |    30 |    18 ||    66
